 Dungeon Crawl Stone Soup version bcrawl-1.13-1-g4ae1fcee6e (webtiles) character file.

Game seed: 15218760800096398509

8 Camlann the Sneak (level 2, 15/22 HPs)
             Began as a Demonspawn Archaeologist on July 29, 2019.
             Quit the game on level 1 of the Dungeon.
             The game lasted 00:00:18 (122 turns).

Camlann the Sneak (Demonspawn Archaeologist)         Turns: 122, Time: 00:00:19

Health: 15/22      AC:  6    Str: 11    XL:     2   Next: 0%
Magic:  2/2        EV: 12    Int: 15    God:
Gold:   28         SH:  0    Dex: 11    Spells: 1/1 levels left

rFire    . . .     SeeInvis .   i - +0 hand axe
rCold    . . .     Gourm    .   (no shield)
rNeg     . . .     Faith    .   b - +1 robe
rPois    .         Spirit   .   c - +1 hat
rElec    .         Reflect  .   (no cloak)
rCorr    .         Harm     .   (no gloves)
MR       .....                  d - +1 pair of boots
Stlth    +++.......             (no amulet)
HPRegen  0.07/turn              (no ring)
MPRegen  0.08/turn              (no ring)

@: no status effects
A: nightstalker 1
a: no special abilities


You were on level 1 of the Dungeon.
You were not hungry.

You visited 1 branch of the dungeon, and saw 1 of its levels.

You collected 28 gold pieces.


Innate Abilities, Weirdness & Mutations

You are slightly more attuned to the shadows.


   Skills:
 + Level 2.1 Fighting
   Level 0.8 Maces & Flails
 - Level 2.6 Dodging
 - Level 3.0 Stealth


You had one spell level left.
You didn't know any spells.
Your spell library was empty.

Dungeon Overview and Level Annotations

Branches:
Dungeon (1/12)

Altars:

Inventory:

Hand Weapons
 i - a +0 hand axe (weapon)
   (You found it on level 1 of the Dungeon)
Armour
 b - a +1 robe (worn)
 c - a +1 hat (worn)
 d - a +1 pair of boots (worn)
Scrolls
 a - a scroll of remove curse {unknown}
 h - a scroll of noise {unknown}
 j - a scroll of magic mapping {unknown}
Miscellaneous
 e - a dusty tome
 f - an ancient crate
Comestibles
 g - a ration {!d}

#....#.....# #.#
#....##...## #.#
#######...# #.#
#...# #.# ...##
#.#
##.#############.#
#.............#
#.#############
#%...6%...?..
#############


There were no monsters in sight!


Message History

The stone hits you but does no damage.
You closely miss the frilled lizard. You closely miss the goblin.
The kobold shouts!
The kobold throws a stone.
The stone hits you but does no damage. The frilled lizard barely misses you.
The goblin hits you but does no damage.
You hit the frilled lizard.
You kill the frilled lizard!
You hit the goblin.
You kill the goblin!
The kobold throws a stone.
The stone closely misses you.
The kobold throws a stone.
The stone hits you but does no damage.
You closely miss the kobold. The kobold completely misses you.
The kobold throws a stone.
The stone hits you but does no damage. The kobold completely misses you.
You hit the kobold.
You kill the kobold!
The kobold throws a stone.
The stone closely misses you.
You barely miss the kobold. The kobold closely misses you.
The kobold hits you with a cursed -3 whip.
You completely miss the kobold. The kobold hits you but does no damage.
You hit the kobold.
The kobold is severely wounded.
The kobold closely misses you.
You hit the kobold.
You kill the kobold!
No target in view!
No target in view!
No target in view!
No target in view!
No target in view!
No target in view!
No target in view!
No target in view!
No target in view!
No target in view!
No target in view!
No target in view!
No target in view!
No target in view!
Things that are here:
a cursed -3 whip; a kobold corpse
There is a stone staircase leading down here.
Found a ration.
A rat comes into view.
A rat is nearby!
A quokka comes into view.
Found a scroll labeled FAEGEHO IHEQAG.
The rat barely misses you.
You closely miss the rat. The rat bites you but does no damage.
You closely miss the rat. The rat barely misses you. The rat bites you.
You hit the rat.
You kill the rat!
Your Fighting skill increases to level 2!
The quokka barely misses you.
You hit the quokka.
The quokka is severely wounded.
The quokka barely misses you.
The quokka bites you but does no damage.
You barely miss the quokka.
The quokka is severely wounded.
The quokka bites you.
You miss the quokka.
The quokka is severely wounded.
The quokka misses you. The quokka closely misses you.
You hit the quokka.
You kill the quokka!
You have reached level 2!
Your demonic ancestry asserts itself...
You slip into the darkness of the dungeon.
Are you sure you want to abandon this character and quit the game? (Confirm with "yes".)

Action                   || total
-------------------------++-------
Melee: Hand axe          ||    26
Armor: Robe              ||    10
Dodge: Dodged            ||    26

Levels and vault maps discovered:
D:1:      noname_arrival_rooms_in_the_neighbourhood, layout_basic

Notes
Turn   | Place    | Note
-------+----------+-------------------------------------------
     0 | D:1      | Camlann the Demonspawn Archaeologist began the quest for
                  | the Orb.
     0 | D:1      | Reached XP level 1. HP: 15/15 MP: 1/1
   116 | D:1      | Reached skill level 2 in Fighting
   121 | D:1      | Gained mutation: You are slightly more attuned to the
                  | shadows. [demonic ancestry]
   121 | D:1      | Reached XP level 2. HP: 15/22 MP: 2/2
   122 | D:1      | Quit the game

Vanquished Creatures
  A ball python (D:1)
  A quokka (D:1)
  A frilled lizard (D:1)
  A goblin (D:1)
  3 kobolds (D:1)
  A rat (D:1)
8 creatures vanquished.
